 Dungeon Crawl Stone Soup version 0.31.0-11-ge490571c62 (webtiles) character file.

Game seed: 17410986893587659122

3955 Zeor the Spear-Bearer (level 10, -1/80 HPs)
             Began as a Formicid Monk on Feb 4, 2024.
             Was a High Priest of Zin.
             Slain by a wolf (5 damage)
             ... on level 8 of the Dungeon.
             The game lasted 00:23:10 (8573 turns).

Zeor the Spear-Bearer (Formicid Monk)               Turns: 8573, Time: 00:23:10

Health: -1/80      AC:  7    Str: 27    XL:     10   Next: 45%
Magic:  14/14      EV: 14    Int: 11    God:    Zin [*****.]
Gold:   481        SH:  0    Dex: 20    Spells: 8/14 levels left

rFire   . . .        q - +0 bardiche
rCold   . . .        d - orb {light}
rNeg    . . .        n - +0 steam dragon scales
rPois   ∞            (helmet unavailable)
rElec   .            p - +0 cloak
rCorr   .            (no gloves)
SInv    +            e - +0 pair of boots
Will    +....        h - amulet of faith
Stlth   +            m - +6 ring of strength
HPRegen 0.33/turn    t - ring of wizardry
MPRegen 0.14/turn

%: faith, wizardry (x1)
@: vitalised, glowing
A: permanent stasis, dig shafts and tunnels, antennae 3, four strong arms
a: Dig, Shaft Self, Renounce Religion, Recite, Vitalisation, Imprison,
Sanctuary, Donate Gold


You were on level 8 of the Dungeon.
You worshipped Zin.
Zin was extremely pleased with you.
You visited 2 branches of the dungeon, and saw 9 of its levels.
You also visited: Ossuary and Bailey.

You collected 534 gold pieces.
You donated 53 gold pieces to Zin.

Inventory:

Hand Weapons
 a - a +1 falchion of venom
 q - a +0 bardiche (weapon)
 x - the +6 whip "Gitusy" {freeze, rC++ Will+}
   (You found it on level 5 of the Dungeon)

   rC++:      It greatly protects you from cold.
   Will+:     It increases your willpower.
 C - a +2 heavy spear
 D - a +2 spear of flaming
Missiles
 o - 2 throwing nets
 B - a curare-tipped dart
Armour
 d - an orb of light (worn)
 e - a +0 pair of boots (worn)
 n - +0 steam dragon scales (worn)
 p - a +0 cloak (worn)
Jewellery
 h - an amulet of faith (around neck)
 m - a +6 ring of strength (left hand)
 t - a ring of wizardry (right hand)
Wands
 k - a wand of flame (49)
 z - a wand of paralysis (20)
Scrolls
 i - 3 scrolls of fear
 s - a scroll of vulnerability
 w - 2 scrolls of identify
 A - a scroll of amnesia
Potions
 c - a potion of ambrosia
 f - 2 potions of attraction
 g - a potion of brilliance
 l - a potion of might
 r - 4 potions of curing
 v - a potion of resistance


   Skills:
 * Level 7.8 Fighting
 + Level 5.1 Long Blades
 * Level 9.2 Polearms
 + Level 2.4 Armour
 + Level 3.9 Dodging
 + Level 1.6 Stealth
 + Level 2.7 Spellcasting
 * Level 5.0 Earth Magic
 * Level 4.5 Invocations


You had 8 spell levels left.
You knew the following spells:

 Your Spells              Type           Power      Damage    Failure   Level
a - Stone Arrow           Conj/Erth      14%        3d7       12%         3
p - Passwall              Erth           12%        N/A       4%          3

Your spell library contained the following spells:

 Spells                   Type           Power      Damage    Failure   Level
 Ensorcelled Hibernation  Hex/Ice        2%         N/A       16%         2
 Animate Armour           Summ/Erth      14%        N/A       34%         4
 Lehudib's Crystal Spear  Conj/Erth      3%         10d3      100%        8
 Swiftness                Air            Unusable   N/A       N/A         3

Dungeon Overview and Level Annotations

Branches:
Dungeon (8/15)             Temple (1/1) D:5         Ossuary (visited)
 Bailey (visited)
   Lair: D:8-11

Altars:
Ashenzari
Elyvilon
Fedhas
Hepliaklqana
Kikubaaqudgha
Makhleb
Nemelex Xobeh
Okawaru
Qazlal
Ru
Sif Muna
Vehumet
Wu Jian
Xom
Zin

Shops:
D:2 (   D:3 (   D:6 !

Annotations:
D:8 Erica


Innate Abilities, Weirdness & Mutations

You cannot be hasted, slowed, berserked, paralysed or teleported.
You can dig through walls and to a lower floor.
You have a pair of large antennae on your head. (SInv)
Your four strong arms can wield two-handed weapons with a shield.


Message History

Things that are here:
a +0 spear; a +0 scale mail; a gnoll corpse The wolf misses you.
You see here a hound corpse.
The wolf attacks as it pursues you! The wolf bites you!
* * * LOW HITPOINT WARNING * * *
The wolf bites you.
* * * LOW HITPOINT WARNING * * *
The gnoll is no longer dazed.
The wolf attacks as it pursues you! The wolf barely misses you.
The wolf completely misses you.
There is a gate leading back out of this place here.
The wolf barely misses you.
Welcome back to the Dungeon!
Level annotation: Erica
There is an empty arch of ancient stone here.
You slash the wolf!
The wolf is heavily wounded.
The wolf closely misses you. x2; The wolf barely misses you.
You hit the wolf.
The wolf is severely wounded.
The wolf closely misses you. The wolf bites you.
* * * LOW HITPOINT WARNING * * *
The wolf completely misses you.
You closely miss the wolf.
The wolf is heavily wounded.
The wolf bites you.
* * * LOW HITPOINT WARNING * * *
The wolf bites you!
* * * LOW HITPOINT WARNING * * *
You closely miss the wolf.
The wolf is heavily wounded.
The wolf misses you. x2; The wolf barely misses you.
You hit the wolf.
The wolf is severely wounded.
The wolf misses you. The wolf bites you.
* * * LOW HITPOINT WARNING * * *
You barely miss the wolf.
The wolf is severely wounded.
The wolf bites you.
You die...

·······░▄~~·~~····▒▒∙∙▒∙∙♣♣♣♣∙∙∙∙
·······░░~~~~~∙∙∙∙▒▒∙∙▒∙∙∙∙∙∙∙∙∙∙
········░·~~~∙∙∙∙∙▒▒▒∙▒∙∙∙∙∙∙∙∙∙∙
··············∙∙∙∙▒ ▒∙▒▒▒▒░░░░░░▒
············{··∙>∙░ ▒∙∙∙∙▒ ░·░▒
··········░░░▒▒▒∙▒▒▒▒∙∙∙∙▒ ▒∙░▒
··········░ ▒∙∙∙∙∙▒▒∙∙∙∙▒ ▒∙▒▒
·········░░ ▒∙∙)∙∙▒▒∙(∙∙▒ ░∙∙▒
·········▒▒▒▒▒∙hB)∙▒▒∙∙∙∙▒▒▒▒▒▒∙▒
······{··■∙∙∙∙∙∙)∙∙∙∙∙∙∙∙∙∙∙∙∙∙∙▒
·········▒▒▒▒▒∙∙∙∙∙▒▒∙∙∙∙∙∙∙∙∙∙∙∙
·········░▒∙∙∙∙∙∙∙∙∙∙∙∙∙∙∙∙∙∙∙∙∙∙
·········░▒∙▒▒▒▒▒▒▒▒▒∙∙∙∙∙∙∙∙∙∙▒†
░░░····░░░▒∙▒░░ ▒∙∙∙∙∙∙∙∙··▒∙
░░░·····∙∙∙·░ ▒∙∙∙∙∙∙∙∙··▒∙
░░░░····∙∙∙∙·░ ▒▒▒▒▒▒▒▒▒░░▒▒
░······∙∙∙∙∙∙░


You could see a wolf.

Vanquished Creatures
  A wyvern (D:8)
  2 steam dragons (D:8)
  Duvessa (D:5)
  3 ice beasts
  An ogre (D:4)
  2 centaurs (D:6)
  3 kobold brigands
  3 bullfrogs
  2 scorpions (D:6)
  2 gnoll sergeants
  10 water moccasin zombies (Ossuary)
  A burial acolyte (Ossuary)
  5 wights (D:6)
  Dowan (D:5)
  3 killer bees (D:8)
  3 bombardier beetles
  A human zombie (D:6)
  2 quasits (D:7)
  2 jellies
  5 hounds
  2 gnoll boudas
  An orc priest (D:3)
  A sleepcap (D:4)
  An iguana (D:5)
  6 orc wizards
  3 crocodile zombies (Ossuary)
  2 mummies (Ossuary)
  27 gnolls
  7 adders
  A white imp (D:7)
  2 ufetubi (D:6)
  3 adder zombies (Ossuary)
  A ribbon worm (D:2)
  6 dart slugs
  16 orcs
  7 endoplasms
  4 giant cockroaches
  11 goblins
  11 hobgoblins
  2 jackals (D:5)
  12 kobolds
  A quokka (D:1)
  5 ball pythons
  7 bats
  4 frilled lizards
  4 gnoll zombies (Ossuary)
  4 jackal zombies (Ossuary)
  3 orc zombies (Ossuary)
  7 rats
214 creatures vanquished.

Vanquished Creatures (others)
  A human (D:6)
1 creature vanquished.

Grand Total: 215 creatures vanquished

Notes
Turn   | Place    | Note
-------+----------+-------------------------------------------
     0 | D:1      | Zeor the Formicid Monk began the quest for the Orb.
     0 | D:1      | Reached XP level 1. HP: 18/18 MP: 1/1
   150 | D:1      | Reached XP level 2. HP: 21/24 MP: 2/2
   392 | D:1      | Reached XP level 3. HP: 30/30 MP: 3/3
  1014 | D:2      | Reached XP level 4. HP: 28/37 MP: 4/4
  1393 | D:2      | Learned a level 3 spell: Passwall
  1405 | D:2      | Found Keizy's Weapon Emporium.
  1716 | D:3      | Reached XP level 5. HP: 22/42 MP: 5/5
  1727 | D:3      | Reached skill level 1 in Stealth
  2245 | D:3      | Found a broken altar of Ashenzari.
  2245 | D:3      | Found a burning altar of Makhleb.
  2284 | D:3      | Found Uluk's Antique Weapon Shoppe.
  2314 | D:3      | Found a faded altar of an unknown god.
  2731 | D:4      | Reached skill level 1 in Earth Magic
  2731 | D:4      | Reached XP level 6. HP: 28/48 MP: 7/7
  2859 | D:4      | Reached skill level 1 in Spellcasting
  3046 | D:4      | Reached skill level 5 in Long Blades
  3351 | D:4      | Noticed an ogre
  3357 | D:4      | Killed an ogre
  3358 | D:4      | Reached skill level 1 in Polearms
  3358 | D:4      | Reached XP level 7. HP: 55/55 MP: 7/9
  3507 | D:4      | Reached skill level 2 in Polearms
  3511 | D:4      | Reached skill level 1 in Armour
  3748 | D:4      | Found a stormy altar of Qazlal.
  3967 | D:4      | Reached skill level 3 in Polearms
  4043 | D:5      | Entered Level 5 of the Dungeon
  4043 | D:5      | Found a white marble altar of Elyvilon.
  4053 | D:5      | Became a worshipper of Elyvilon the Healer
  4053 | D:5      | Reached * piety under Elyvilon
  4053 | D:5      | Reached ** piety under Elyvilon
  4095 | D:5      | Found a staircase to the Ecumenical Temple.
  4104 | Temple   | Entered the Ecumenical Temple
  4115 | Temple   | Fell from the grace of Elyvilon
  4115 | Temple   | Became a worshipper of Zin the Law-Giver
  4115 | Temple   | Reached * piety under Zin
  4115 | Temple   | Reached ** piety under Zin
  4203 | D:5      | Found a sand-covered staircase.
  4225 | Ossuary  | Entered an ossuary
  4259 | Ossuary  | Reached *** piety under Zin
  4347 | Ossuary  | Reached skill level 4 in Polearms
  4347 | Ossuary  | Reached XP level 8. HP: 46/61 MP: 9/11
  4351 | Ossuary  | Reached skill level 5 in Fighting
  4351 | Ossuary  | Reached skill level 1 in Invocations
  4506 | Ossuary  | Reached skill level 5 in Polearms
  4845 | D:5      | Identified the +6 whip "Gitusy" {freeze, rC++ Will+}
  4857 | D:5      | Noticed Duvessa
  4858 | D:5      | Noticed Dowan
  4882 | D:5      | Killed Duvessa
  4887 | D:5      | Killed Dowan
  4888 | D:5      | Reached skill level 6 in Polearms
  4888 | D:5      | Reached XP level 9. HP: 41/68 MP: 11/13
  5014 | D:5      | Reached **** piety under Zin
  5100 | D:5      | Found a shimmering blue altar of Sif Muna.
  5697 | D:6      | Found an ancient bone altar of Kikubaaqudgha.
  6003 | D:6      | Reached skill level 7 in Polearms
  6070 | D:6      | Found Zefauga's Distillery.
  6311 | D:6      | Found a blossoming altar of Fedhas.
  7466 | D:7      | Reached ***** piety under Zin
  7473 | D:7      | Learned a level 3 spell: Stone Arrow
  7485 | D:7      | Reached skill level 8 in Polearms
  7487 | D:7      | Reached XP level 10. HP: 71/77 MP: 11/14
  7988 | D:8      | Noticed Erica
  8329 | D:8      | Reached skill level 9 in Polearms
  8366 | D:8      | Found a flagged portal.
  8385 | Bailey   | Entered a bailey
  8395 | Bailey   | Reached skill level 5 in Earth Magic
  8538 | Bailey   | HP: 2/80 [gnoll bouda/+0 spear (8)]
  8572 | D:8      | HP: 4/80 [wolf (5)]
  8573 | D:8      | Slain by a wolf

Illustrated notes

Levels and vault maps discovered:
D:1:      eino_arrival_cavern_c, layout_loops_ring
D:2:      layout_basic, serial_shops, shop, corexii_shack, st_stairs_2,
          minmay_splitting_lines, kennysheep_generic_room_2
D:3:      layout_basic, mainiacjoe_overflow_divided_tiny,
          chequers_ecumenical_altar_simple_redux, serial_shops,
          nicolae_shop_back_alley_shop
D:4:      layout_loops_corners, nicolae_qazlal_scattered_showers,
          hangedman_abyss_or_decor_jellyfish_corner, nrook_mini_vaults,
          serial_bayou_lake_a
D:5:      layout_loops_ring, mainiacjoe_overflow_cross_hatched, tgw_sif,
          minmay_temple_entry_antechambers, nicolae_ossuary_entry_monument,
          serial_library_hellmonk_small_alcove, uniq_duvessa
D:6:      layout_basic, fedhas_bush_and_centaur_altar, tgw_kikubaaqudgha,
          serial_shops, nicolae_shop_just_a_little_nook, minivault_11
D:7:      cheibrodos_quashed, layout_loops_ring, kennysheep_path_1,
          kennysheep_boxes
D:8:      layout_basic, kennysheep_slug_shrine, enter_bailey_2, kennysheep_dice,
          uniq_erica
Temple:   nicolae_temple_two_arcs

Skill      XL: |  1  2  3  4  5  6  7  8  9 10 |
---------------+-------------------------------+-----
Dodging        | 3 |  3.9
Fighting       | 4 5 6 7 |  7.8
Long Blades    | 4 5 |  5.1
Stealth        | 1 |  1.6
Earth Magic    | 1 2 3 4 5 |  5.0
Spellcasting   | 1 2 |  2.7
Polearms       | 1 4 6 8 9 |  9.2
Armour         | 1 2 |  2.4
Invocations    | 2 3 4 |  4.5

Action                     |  1- 3 |  4- 6 |  7- 9 | 10-12 || total
---------------------------+-------+-------+-------+-------++-------
  Melee: Falchion          |    65 |    96 |       |       ||   161
         Bardiche          |       |    22 |   229 |   101 ||   352
   Cast: Stone Arrow       |       |       |     1 |     4 ||     5
 Invoke: Recite            |       |       |     6 |     4 ||    10
         Vitalisation      |       |       |       |     1 ||     1
Ability: Dig               |     1 |       |     2 |     1 ||     4
    Use: Scroll            |     4 |     7 |     7 |     1 ||    19
         Potion            |       |     1 |       |     4 ||     5
   Stab: Sleeping          |     1 |     1 |       |       ||     2
         Confused          |       |       |       |     3 ||     3
         Invisible         |       |       |       |     1 ||     1
 Armour: Robe              |    32 |     8 |       |       ||    40
         Leather armour    |       |    46 |   167 |    33 ||   246
         Steam dragon scal |       |       |       |    63 ||    63
  Dodge: Dodged            |    41 |    60 |   192 |   127 ||   420
